 Dungeon Crawl Stone Soup version 0.20.0-14-g326068f (webtiles) character file.

2335 straycat the Covert (level 9, -3/62 HPs)
             Began as a Vampire Fighter on June 8, 2017.
             Was a Follower of Hepliaklqana.
             Slain by Prince Ribbit (14 damage)
             ... on level 6 of the Dungeon.
             The game lasted 00:30:27 (7088 turns).

straycat the Covert (Vampire Fighter)               Turns: 7088, Time: 00:30:28

Health: -3/62      AC: 10    Str: 18    XL:     9   Next: 19%
Magic:  9/9        EV: 12    Int: 10    God:    Hepliaklqana [*.....]
Gold:   312        SH:  9    Dex: 14    Spells: 6/8 levels left

rFire    . . .     SeeInvis +   Q - +2 whip (freeze)
rCold    . . .     Gourm    .   c - +0 shield
rNeg     + . .     Faith    .   b - +0 scale mail
rPois    .         Spirit   .   z - +0 helmet
rElec    .         Reflect  .   t - +0 cloak
rCorr    .         Harm     .   m - +1 pair of gloves
MR       .....                  (no boots)
Stlth    +++.......             (no amulet)
Regen    0.2/turn               u - ring of wizardry
MPRegen  0.2/turn               G - ring of flight

@: no status effects
A: reduced essence, fangs 3, see invisible, unbreathing
a: Bat Form, Recall Ancestor, Ancestor Identity, Renounce Religion, Evoke Flight


You were on level 6 of the Dungeon.
You worshipped Hepliaklqana.
Hepliaklqana was aware of your devotion.
You were not thirsty.

You visited 2 branches of the dungeon, and saw 7 of its levels.

You collected 312 gold pieces.

Inventory:

Hand Weapons
 a - a +1 rapier
 k - a +0 blowgun
 o - a +0 spear of venom
 r - a +0 fustibalus
 s - a +3 quarterstaff of chaos
 F - a +0 falchion
 H - the +6 short sword of the Tooth {speed, rC+ Dex+4}
   (You found it on level 5 of the Dungeon)

   Attacks with this weapon are significantly faster.
   It affects your dexterity (+4).
   It protects you from cold.
 M - a +0 scythe
 N - a +2 hand axe of draining
 Q - a +2 whip of freezing (weapon)
Missiles
 f - 255 stones (quivered)
 h - 46 bolts
 j - 86 arrows
 l - 60 sling bullets
 q - 85 poisoned needles
Armour
 b - a +0 scale mail (worn)
 c - a +0 shield (worn)
 m - a +1 pair of gloves (worn)
 t - a +0 cloak (worn)
 z - a +0 helmet (worn)
Jewellery
 i - an uncursed ring of ice
 u - a ring of wizardry (left hand)
 y - an uncursed ring of magical power {unknown}
 G - a ring of flight (right hand)
Wands
 p - a wand of random effects (18/48)
 A - a wand of iceblast (10/15)
 K - a wand of acid (7/15)
 P - a wand of polymorph (5/24)
Scrolls
 g - 5 scrolls of remove curse
 w - 9 scrolls of teleportation
 B - a scroll of immolation
 J - 6 scrolls of identify
 L - a scroll of magic mapping {unknown}
Potions
 d - a potion of might
 e - 19 potions of blood
 n - 3 potions of lignification
 v - 5 potions of curing
 x - 3 potions of resistance
 D - 3 potions of heal wounds {unknown}
 E - a potion of magic {unknown}
 I - a potion of mutation {unknown}
 O - a potion of haste {unknown}
Books
 C - a book of Cantrips

   Spells                             Type                      Level
   a - Confusing Touch                Hexes                        1
   b - Animate Skeleton               Necromancy                   1
   c - Summon Small Mammal            Summoning                    1
   d - Apportation                    Translocation                1


   Skills:
 + Level 6.2 Fighting
 - Level 2.4 Short Blades
 - Level 2.4 Armour
 * Level 9.2 Dodging
 + Level 9.7 Stealth
 - Level 2.6 Shields


You had 6 spell levels left.
You knew the following spells:

 Your Spells              Type           Power        Failure   Level  Hunger
a - Apportation           Tloc           #.....       91%         1    ##.....
b - Animate Skeleton      Necr           N/A          91%         1    ##.....


Dungeon Overview and Level Annotations

Branches:
Dungeon (6/15)             Temple (1/1) D:5

Altars:
Ashenzari
Cheibriados
Dithmenos
Fedhas
Gozag
Hepliaklqana
Kikubaaqudgha
Nemelex Xobeh
Okawaru
Qazlal
Ru
Trog
Uskayaw
Vehumet
Xom
Yredelemnul
The Shining One

Annotations:
D:6 Prince Ribbit


Innate Abilities, Weirdness & Mutations

You have razor-sharp teeth.
You have supernaturally acute eyesight. (SInv)
You can survive without breathing.
Your life essence is reduced. (-10% HP)


Message History

Prince Ribbit closely misses you.
Your shield and scale mail prevent you from hitting Prince Ribbit.
Prince Ribbit is moderately wounded.
You block Prince Ribbit's attack. Prince Ribbit hits you!
* * * LOW HITPOINT WARNING * * *
You swap places.
Prince Ribbit catches a butterfly with his tongue.
Prince Ribbit barely misses Seras.
Seras barely misses Prince Ribbit.
You feel better.
Prince Ribbit hits Seras!
Seras closely misses Prince Ribbit.
Prince Ribbit barely misses Seras.
Prince Ribbit barely misses Seras.
Seras barely misses Prince Ribbit.
Prince Ribbit hits Seras!
Seras hits Prince Ribbit.
Prince Ribbit hits Seras.
Seras is destroyed!
Prince Ribbit blinks!
Prince Ribbit closely misses you.
Prince Ribbit lets out a mournful croak.
You block Prince Ribbit's attack.
Prince Ribbit blinks!
Prince Ribbit hits you!
You die...

#.#..##.##.#####.#
#.#..#...#.# #.#
#.#..#...#.# #.#
#.#..###.#.#####.#
#.#..#.........#.#
#.#..#####.###.#.#
#.#......#.#<..#.#
###.#.##...#.#####ยง#
...........#.#.F@..#
###.#.###..#.#.#####
#.#...#..#.#
#.#.#.#..#.#
###.#.#.#..#<#
..#.#........#
.......[.>.#.#
..#.#...#..#.#
..#.#.###..#.#


You could see Prince Ribbit.

Vanquished Creatures
  Pikel (D:6)
  Grinder (D:5)
  Sigmund (D:6)
  Duvessa (D:6)
  A slave (D:6)
  An orc warrior (D:3)
  2 ogres
  A phantom (D:5)
  2 bullfrogs
  Dowan (D:6)
  An elf skeleton (D:5)
  A scorpion (D:6)
  A centaur zombie (D:5)
  A hound (D:4)
  Crazy Yiuf (D:2)
  2 orc priests (D:6)
  2 centaur skeletons (D:6)
  Ijyb (D:3)
  Jessica (D:3)
  2 iguanas
  Natasha (D:3)
  Terence (D:3)
  An orc wizard (D:3)
  6 worker ants
  A howler monkey zombie (D:5)
  Robin (D:2)
  A gnoll (D:5)
  7 adders
  4 worms
  6 dart slugs
  4 leopard geckos
  14 orcs
  6 bats
  4 giant cockroaches
  19 goblins
  9 hobgoblins
  2 jackals (D:3)
  9 kobolds
  2 quokkas
  3 ball pythons
  8 frilled lizards
  3 orc skeletons (D:5)
  2 orc zombies (D:5)
  A quokka skeleton (D:6)
  11 rats
151 creatures vanquished.

Vanquished Creatures (collateral kills)
  A crimson imp (D:6)
  A jelly (D:5)
  A quokka skeleton (D:5)
3 creatures vanquished.

Vanquished Creatures (others)
  A bullfrog (D:6)
  2 ancestors
3 creatures vanquished.

Grand Total: 157 creatures vanquished

Notes
Turn   | Place    | Note
-------+----------+-------------------------------------------
     0 | D:1      | straycat the Vampire Fighter began the quest for the Orb.
     0 | D:1      | Reached XP level 1. HP: 17/17 MP: 1/1
   105 | D:1      | Reached XP level 2. HP: 18/23 MP: 2/2
   202 | D:1      | Reached skill level 1 in Dodging
   339 | D:1      | Reached skill level 1 in Stealth
   544 | D:1      | Reached XP level 3. HP: 29/29 MP: 3/3
   856 | D:2      | Found an opulent altar of Gozag.
  1012 | D:2      | Found a runed door.
  1109 | D:2      | Noticed Crazy Yiuf
  1116 | D:2      | Killed Crazy Yiuf
  1116 | D:2      | Reached XP level 4. HP: 35/35 MP: 4/4
  1182 | D:2      | Found a snail-covered altar of Cheibriados.
  1353 | D:2      | Found a stormy altar of Qazlal.
  1371 | D:2      | Noticed Natasha
  1415 | D:2      | Noticed Jessica
  1953 | D:3      | Noticed Robin
  1973 | D:3      | Reached XP level 5. HP: 32/41 MP: 5/5
  1994 | D:2      | Killed Robin
  2347 | D:3      | Killed Jessica
  2382 | D:3      | Noticed Ijyb
  2410 | D:3      | Killed Ijyb
  2462 | D:3      | Killed Natasha
  2498 | D:3      | Noticed an orc warrior
  2571 | D:4      | Reached XP level 6. HP: 24/48 MP: 6/6
  2792 | D:4      | Reached skill level 5 in Stealth
  2897 | D:5      | Entered Level 5 of the Dungeon
  2900 | D:5      | Reached skill level 5 in Dodging
  3307 | D:4      | Reached XP level 7. HP: 49/54 MP: 7/7
  4001 | D:5      | Found a staircase to the Ecumenical Temple.
  4031 | Temple   | Entered the Ecumenical Temple
  4500 | D:5      | Noticed Grinder
  4545 | D:5      | Paralysed by Grinder for 5 turns
  4553 | D:5      | Killed Grinder
  4584 | D:5      | Got a dazzling short sword
  4763 | D:5      | Found a hazy altar of Hepliaklqana.
  4773 | D:5      | Became a worshipper of Hepliaklqana the Forgotten
  4910 | D:5      | Found a shimmering altar of Xom.
  5028 | D:5      | Identified the +6 short sword of the Tooth {speed, rC+ Dex+4} (You found it on level 5 of the Dungeon)
  5248 | D:5      | Reached skill level 5 in Fighting
  5248 | D:5      | Reached XP level 8. HP: 55/55 MP: 8/8
  5376 | D:5      | Learned a level 1 spell: Apportation
  5378 | D:5      | Learned a level 1 spell: Animate Skeleton
  5909 | D:3      | Noticed Terence
  5918 | D:3      | Killed Terence
  6392 | D:6      | Found a shattered altar of Ashenzari.
  6446 | D:6      | Reached * piety under Hepliaklqana
  6581 | D:6      | Noticed Sigmund
  6605 | D:6      | Noticed Duvessa
  6610 | D:6      | Killed Sigmund
  6614 | D:6      | Noticed Dowan
  6623 | D:6      | Killed Duvessa
  6629 | D:6      | Killed Dowan
  6759 | D:6      | Noticed Prince Ribbit
  6932 | D:6      | Noticed Pikel
  6967 | D:6      | Killed Pikel
  6967 | D:6      | Reached XP level 9. HP: 22/62 MP: 9/9
  7073 | D:6      | HP: 1/62 [Prince Ribbit (9)]
  7088 | D:6      | Slain by Prince Ribbit

Skill      XL: |  1  2  3  4  5  6  7  8 |
---------------+-------------------------+-----
Dodging        | 1 2 3 4 5 6 9 |  9.2
Fighting       | 3 4 5 6 |  6.2
Stealth        | 1 2 3 4 5 7 9 |  9.7
Short Blades   | |  2.4
Armour         | |  2.4
Shields        | |  2.6

Action                   |  1- 3 |  4- 6 |  7- 9 || total
-------------------------+-------+-------+-------++-------
Melee: Rapier            |   109 |   241 |   120 ||   470
       Bite              |    14 |    22 |    37 ||    73
       Short sword       |       |       |   189 ||   189
       Whip              |       |       |     6 ||     6
Throw: Stone             |       |     1 |       ||     1
Invok: Recall Ancestor   |       |       |     1 ||     1
       Ancestor Identity |       |       |     1 ||     1
 Abil: End Transformatio |       |       |     1 ||     1
       Bat Form          |       |       |     1 ||     1
  Use: Potion            |     2 |     5 |    10 ||    17
       Scroll            |       |       |    11 ||    11
 Stab: Sleeping          |       |     2 |    17 ||    19
       Distracted        |       |       |     1 ||     1
  Eat: Corpse            |       |     1 |     1 ||     2
Armor: Scale mail        |    60 |   118 |    58 ||   236
Dodge: Dodged            |    28 |   100 |    96 ||   224
Block: Shield            |    54 |   142 |   106 ||   302
